[Event "Chessable Masters - Torneo preliminare"]
[White "Hammer, Jon Ludvig"]
[Black "Xu, Yinglun"]
[WhiteFideId "1503707"]
[BlackFideId "8604940"]
[WhiteElo "2647"]
[BlackElo "2523"]
[Result "1/2-1/2"]
[Round "8"]
[TimeControl "600+2"]
[Date "2023.03.13"]
[WhiteClock "0:00:12"]
[BlackClock "0:00:18"]

1. e4 c5 2. Nf3 d6 3. d4 cxd4 4. Nxd4 Nf6 5. Nc3 a6 6. Be2 e5 7. Nb3 Be7 8. O-O O-O 9. Qd3 Be6 10. Bd2 Nbd7 11. Nd5 Bxd5 12. exd5 b5 13. a4 Qc7 14. Ba5 Qc8 15. axb5 axb5 16. c3 Rb8 17. Rfd1 Re8 18. Qh3 Nc5 19. Nxc5 Qxc5 20. Bb4 Qc7 21. Ra5 Rf8 22. Bxb5 g6 23. Bc6 Ne4 24. Qe3 Nc5 25. Rda1 Qd8 26. Ra8 Rxa8 27. Rxa8 Qc7 28. Rxf8+ Bxf8 29. h4 f5 30. Bxc5 dxc5 31. h5 Kg7 32. h6+ Kf7 33. Bb5 Bd6 34. g4 Qe7 35. gxf5 gxf5 36. Kf1 e4 37. b4 cxb4 38. cxb4 Qe5 39. Qg5 f4 40. Qxe5 Bxe5 41. Bd7 Kg6 42. b5 Bc7 43. Ke2 Bb6 44. Bh3 f3+ 45. Kf1 Kg5 46. Be6 Kxh6 47. Bf5 e3 48. fxe3 Bxe3 49. Be4 f2 50. d6 Bb6 51. d7 Kg7 52. d8=Q Bxd8 53. Bxh7 Kxh7 54. Kxf2 Kg7 55. Ke2 Kf7 56. b6 Bxb6 1/2-1/2


[Site "Internet"]

[Event "Chessable Masters - Torneo preliminare"]
[White "Preotu, Razvan"]
[Black "Guseinov, Gadir"]
[WhiteFideId "2613280"]
[BlackFideId "13401378"]
[WhiteElo "2532"]
[BlackElo "2632"]
[Result "0-1"]
[Round "8"]
[TimeControl "600+2"]
[Date "2023.03.13"]
[WhiteClock "0:00:02"]
[BlackClock "0:03:35"]

1. e4 c5 2. Nf3 g6 3. d4 cxd4 4. Nxd4 Nc6 5. c4 Nf6 6. Nc3 Nxd4 7. Qxd4 d6 8. Be2 Bg7 9. O-O O-O 10. Qd3 a5 11. Be3 Bd7 12. Rad1 Bc6 13. b3 Nd7 14. Qc2 Qc7 15. Qc1 Nc5 16. Nd5 Bxd5 17. exd5 Qb6 18. Qc2 Rfc8 19. h4 a4 20. Rb1 axb3 21. axb3 Qb4 22. h5 Qc3 23. Qxc3 Bxc3 24. Rfc1 Bg7 25. h6 Bh8 26. b4 Ne4 27. Bf3 Nc3 28. Rb3 Rxc4 29. Bd2 Rac8 30. Kf1 f5 31. Ra3 Ne4 32. Bxe4 Rxc1+ 33. Bxc1 Rxc1+ 34. Ke2 Kf7 35. Bd3 Bd4 36. Ra8 Rh1 37. Rb8 b6 38. Bb5 Rxh6 39. Bd7 Rh1 40. Be6+ Kg7 41. f4 Rb1 42. Rb7 Kf6 43. Rb8 Rb2+ 44. Kd3 Rxb4 45. Rf8+ Kg7 46. Rf7+ Kh6 47. Rxe7 Bg7 48. Ke3 Rb3+ 49. Ke2 Bd4 50. Rd7 Kh5 51. Rxd6 Kg4 52. Rd8 Kxf4 53. Kd2 Bf6 54. Rf8 Be5 55. d6 Rb2+ 56. Kc1 Bxd6 57. Rd8 Be5 58. g3+ Kg5 59. Rd5 Kf6 0-1


[Site "Internet"]

[Event "Chessable Masters - Torneo preliminare"]
[White "Sasikiran, Krishnan"]
[Black "Fressinet, Laurent"]
[WhiteFideId "5004985"]
[BlackFideId "608742"]
[WhiteElo "2559"]
[BlackElo "2689"]
[Result "1/2-1/2"]
[Round "8"]
[TimeControl "600+2"]
[Date "2023.03.13"]
[WhiteClock "0:00:09"]
[BlackClock "0:00:10"]

1. e4 e5 2. Nf3 Nc6 3. Bb5 a6 4. Ba4 Nf6 5. O-O Bc5 6. c3 O-O 7. d4 Ba7 8. Re1 d6 9. Bxc6 bxc6 10. Bg5 h6 11. Bh4 exd4 12. Nxd4 Bd7 13. Nd2 Re8 14. b3 g5 15. Bg3 c5 16. N4f3 Bc6 17. Qc2 Nh5 18. Nc4 Nxg3 19. hxg3 Qe7 20. Nfd2 Bd7 21. Re3 Be6 22. Rae1 c6 23. e5 d5 24. Nd6 Rf8 25. c4 Bb8 26. cxd5 cxd5 27. Nf3 d4 28. R3e2 Ba7 29. Nd2 Bg4 30. Re4 Bh5 31. f4 Rad8 32. N2c4 f5 33. exf6 Qxf6 34. Re6 Qh8 35. R1e5 Bf7 36. Nxf7 Rxf7 37. Re8+ Rxe8 38. Rxe8+ Rf8 39. Rxf8+ Kxf8 40. Qf5+ Kg8 41. Qe6+ Kh7 42. f5 d3 43. f6 Qg8 44. Qd7+ Kg6 45. Qxd3+ Kxf6 46. Qf3+ Kg6 47. Qe4+ Kg7 48. Qb7+ Qf7 49. Qxa6 Bb8 50. Qc6 Bxg3 51. Qxc5 Qf4 52. Qe7+ Kg6 53. Qe3 Qh4 54. Qd3+ Kg7 55. Qd7+ Kg6 56. Qe6+ Kg7 57. Qe7+ Kg8 58. Qe8+ Kg7 59. Qe7+ Kg8 60. Qe8+ Kg7 61. Qe7+ 1/2-1/2


[Site "Internet"]

[Event "Chessable Masters - Torneo preliminare"]
[White "Tregubov, Pavel V."]
[Black "Tan, Zhongyi"]
[WhiteFideId "4115341"]
[BlackFideId "8603642"]
[WhiteElo "2522"]
[BlackElo "2517"]
[Result "1/2-1/2"]
[Round "8"]
[TimeControl "600+2"]
[Date "2023.03.13"]
[WhiteClock "0:06:11"]
[BlackClock "0:07:49"]

1. e4 c5 2. Nf3 d6 3. Bb5+ Bd7 4. Bxd7+ Qxd7 5. O-O Nc6 6. c3 Nf6 7. Re1 e6 8. d4 cxd4 9. cxd4 d5 10. e5 Ne4 11. Nbd2 Nxd2 12. Bxd2 Bb4 13. Bxb4 Nxb4 14. Qd2 a5 15. a3 Nc6 16. b3 O-O 17. Qd3 h6 18. Rec1 Rfc8 19. Rc3 Na7 20. a4 Rc6 21. Rac1 Rac8 22. h4 Rxc3 23. Rxc3 Rxc3 24. Qxc3 b6 25. g3 Nc6 26. Ne1 Nb4 27. Nc2 Nxc2 28. Qxc2 1/2-1/2


[Site "Internet"]

[Event "Chessable Masters - Torneo preliminare"]
[White "Mitrabha, Guha"]
[Black "Sankalp, Gupta"]
[WhiteFideId "5057000"]
[BlackFideId "5097010"]
[WhiteElo "2401"]
[BlackElo "2427"]
[Result "1-0"]
[Round "8"]
[TimeControl "600+2"]
[Date "2023.03.13"]
[WhiteClock "0:07:08"]
[BlackClock "0:03:11"]

1. c4 e5 2. g3 c6 3. d4 e4 4. d5 cxd5 5. cxd5 Bb4+ 6. Bd2 Bc5 7. e3 Nf6 8. Bc1 Qa5+ 9. Bd2 Qd8 10. Nc3 O-O 11. Bg2 Re8 12. Nge2 d6 13. O-O a6 14. Rc1 Bf5 15. Qb3 b5 16. Nd4 Bg4 17. h3 Bh5 18. Nce2 Nbd7 19. Nc6 Qb6 20. Ned4 Ne5 21. Nxe5 dxe5 22. Nc6 Be2 23. Ba5 Bxf1 24. Bxb6 Bc4 25. Bxc5 Bxb3 26. axb3 a5 27. d6 h5 28. b4 axb4 29. Bxb4 Ra2 30. Ba3 Re6 31. Nb4 Rxa3 32. bxa3 Rxd6 33. Bf1 1-0


[Site "Internet"]

[Event "Chessable Masters - Torneo preliminare"]
[White "Nigmatov, Ortik"]
[Black "Mareco, Sandro"]
[WhiteFideId "14202131"]
[BlackFideId "112275"]
[WhiteElo "2344"]
[BlackElo "2541"]
[Result "0-1"]
[Round "8"]
[TimeControl "600+2"]
[Date "2023.03.13"]
[WhiteClock "0:00:44"]
[BlackClock "0:00:20"]

1. e4 e5 2. Nf3 Nc6 3. Bb5 a6 4. Ba4 Nf6 5. O-O Bc5 6. c3 O-O 7. d4 Ba7 8. Re1 d6 9. Bxc6 bxc6 10. Bg5 Qe7 11. Nbd2 Qe6 12. Qa4 Bd7 13. Bxf6 Qxf6 14. d5 Rfb8 15. dxc6 Be8 16. Nc4 Rb5 17. Qc2 Bxc6 18. b4 Bd7 19. Ne3 Be6 20. a4 Rbb8 21. Rad1 Rb7 22. Nd5 Qd8 23. Qe2 Qe8 24. Qc2 c6 25. Ne3 Bb8 26. Ng5 Bd7 27. Nc4 h6 28. Nf3 c5 29. Nxd6 Bxd6 30. Rxd6 Bxa4 31. Qd2 cxb4 32. cxb4 Qb5 33. Rd8+ Rxd8 34. Qxd8+ Kh7 35. Qd6 f6 36. Qe6 Rb6 37. Qf5+ Kg8 38. Qc8+ Kh7 39. Qf5+ g6 40. Qc8 Qc6 41. Qf8 Qe8 42. Qc5 Rc6 43. Qa7+ Kg8 44. h4 h5 45. Re2 Rd6 46. Kh2 Qd7 47. Qc5 Qc6 48. Qe3 Qc4 49. Rb2 Rd3 50. Qe2 Bc6 51. Nd2 Qd4 52. Rc2 Bb5 53. Nf3 Qxb4 54. Rc8+ Kf7 55. Qa2+ Qb3 56. Qa5 Qe6 57. Qb4 Qxc8 0-1


[Site "Internet"]

[Event "Chessable Masters - Torneo preliminare"]
[White "Weetik, Vjacheslav"]
[Black "Agrest, Evgenij"]
[WhiteFideId "4153472"]
[BlackFideId "1705024"]
[WhiteElo "2445"]
[BlackElo "2576"]
[Result "1-0"]
[Round "8"]
[TimeControl "600+2"]
[Date "2023.03.13"]
[WhiteClock "0:02:38"]
[BlackClock "0:03:40"]

1. d4 d5 2. c4 c6 3. Nf3 Nf6 4. Nc3 e6 5. e3 a6 6. b3 Bb4 7. Bd2 Bd6 8. Bd3 c5 9. O-O O-O 10. Rc1 Nc6 11. Bb1 cxd4 12. exd4 Ba3 13. c5 Bxc1 14. Bxc1 b6 15. Na4 bxc5 16. Nxc5 h6 17. Qd3 Nb4 18. Qd2 a5 19. Ne5 Ne4 20. Qe3 f5 21. f3 Nxc5 22. dxc5 d4 23. Qd2 Qd5 24. Ng6 Re8 25. Qf4 e5 26. Qg3 Kh7 27. Nh4 d3 28. Qg6+ Kh8 29. Qxe8+ Qg8 30. Ng6+ Kh7 31. Nf8+ Kh8 32. Ng6+ Kh7 33. Qxg8+ Kxg8 34. Nxe5 Ba6 35. Bd2 Re8 36. f4 Rd8 37. Bxb4 axb4 38. Bxd3 Bxd3 39. Rd1 1-0


[Site "Internet"]

[Event "Chessable Masters - Torneo preliminare"]
[White "Mikaelyan, Arman"]
[Black "Perez Ponsa, Federico"]
[WhiteFideId "13304852"]
[BlackFideId "117927"]
[WhiteElo "2456"]
[BlackElo "2586"]
[Result "0-1"]
[Round "8"]
[TimeControl "600+2"]
[Date "2023.03.13"]
[WhiteClock "0:01:32"]
[BlackClock "0:05:38"]

1. d4 Nf6 2. c4 g6 3. Nc3 Bg7 4. e4 d6 5. f4 c5 6. d5 O-O 7. Nf3 e6 8. Be2 exd5 9. cxd5 Nbd7 10. O-O Re8 11. Qc2 a6 12. a4 Qc7 13. Kh1 Rb8 14. e5 dxe5 15. fxe5 Nxe5 16. Nxe5 Rxe5 17. Bf4 Bf5 18. Bd3 Bxd3 19. Qxd3 Nh5 20. Bxe5 Bxe5 21. Rad1 Rd8 22. Ne4 Bd4 23. b4 b6 24. bxc5 bxc5 25. d6 Qc6 26. Qf3 Qd5 27. g4 f5 28. gxf5 Re8 29. fxg6 hxg6 30. d7 Rd8 31. Qg2 Kg7 32. Ng5 Ng3+ 0-1


[Site "Internet"]

[Event "Chessable Masters - Torneo preliminare"]
[White "Sharapov, Evgeny"]
[Black "Van Foreest, Lucas"]
[WhiteFideId "14103133"]
[BlackFideId "1039792"]
[WhiteElo "2337"]
[BlackElo "2483"]
[Result "0-1"]
[Round "8"]
[TimeControl "600+2"]
[Date "2023.03.13"]
[WhiteClock "0:04:27"]
[BlackClock "0:00:36"]

1. e4 e5 2. Nf3 Nc6 3. Nc3 Nf6 4. Bb5 Bd6 5. O-O O-O 6. h3 Re8 7. Re1 Bf8 8. d4 Nxd4 9. Nxd4 exd4 10. Qxd4 c6 11. Bf1 d5 12. Bg5 dxe4 13. Qxd8 Rxd8 14. Nxe4 Be7 15. Nxf6+ Bxf6 16. Bxf6 gxf6 17. Bd3 Be6 18. b3 a5 19. a4 Kg7 20. Re3 f5 21. Rae1 Rd4 22. g3 Rad8 23. Re5 R8d5 24. Rxd5 Rxd5 25. Bc4 Rd6 26. Bxe6 fxe6 27. Re2 Kf6 28. f4 b5 29. axb5 cxb5 30. c4 Rd3 31. Kf2 Rxb3 32. cxb5 a4 33. Ra2 a3 34. Ke1 Rxg3 35. b6 Rxh3 36. b7 Rb3 37. Rxa3 Rxb7 38. Kf2 h5 39. Kg3 Rg7+ 40. Kf3 h4 41. Ra8 Rh7 42. Kg2 h3+ 43. Kh2 Rh4 44. Ra4 Ke7 45. Rd4 Ke8 46. Rd6 Kf7 47. Rd7+ Kf6 48. Rd4 Ke7 49. Ra4 Kd6 50. Rb4 Kc5 51. Ra4 Rh6 52. Ra1 Kd4 53. Re1 Kd3 54. Re5 Kd2 55. Kg1 h2+ 56. Kh1 Kc3 57. Re3+ Kc4 58. Re5 Kd4 59. Re1 Kd3 60. Re5 Kd2 61. Ra5 Ke3 62. Ra4 Kf3 63. Rb4 Kg3 64. Rc4 Rg6 65. Rb4 Rg4 66. Rb3+ Kxf4 67. Kxh2 e5 68. Rb4+ e4 0-1


[Site "Internet"]

[Event "Chessable Masters - Torneo preliminare"]
[White "Santos Ruiz, Miguel"]
[Black "Larino Nieto, David"]
[WhiteFideId "22291482"]
[BlackFideId "2256444"]
[WhiteElo "2491"]
[BlackElo "2496"]
[Result "1-0"]
[Round "8"]
[TimeControl "600+2"]
[Date "2023.03.13"]
[WhiteClock "0:05:02"]
[BlackClock "0:00:50"]

1. e4 h6 2. d4 a6 3. Be3 d6 4. Qd2 Nd7 5. f3 e5 6. Ne2 exd4 7. Nxd4 g6 8. Nc3 Bg7 9. O-O-O Ne7 10. g4 b5 11. Kb1 Nb6 12. Rg1 b4 13. Nd5 Nexd5 14. exd5 Bb7 15. Nc6 Bxc6 16. Bxb6 cxb6 17. dxc6 Qf6 18. Qe1+ Kd8 19. Qxb4 Kc7 20. Bc4 Rhe8 21. Bd5 Re2 22. Rge1 Rae8 23. Rxe2 Rxe2 24. c3 Qe5 25. Be4 Qxh2 26. Qc4 Rxb2+ 27. Ka1 b5 28. Qxf7+ Kb6 29. c7 Bxc3 30. c8=N+ Ka5 31. Qc7+ Kb4 32. a3+ Kb3 33. Bd5+ Kc2 34. Rc1+ Kxc1 35. Qxc3+ Kd1 36. Qxb2 Qf4 37. Be4 h5 38. gxh5 gxh5 39. Ne7 h4 40. Nd5 1-0


[Site "Internet"]

[Event "Chessable Masters - Torneo preliminare"]
[White "Iniyan, P"]
[Black "Sourath, Biswas"]
[WhiteFideId "25002767"]
[BlackFideId "35091484"]
[WhiteElo "2441"]
[BlackElo "2138"]
[Result "1-0"]
[Round "8"]
[TimeControl "600+2"]
[Date "2023.03.13"]
[WhiteClock "0:06:04"]
[BlackClock "0:00:47"]

1. d4 Nf6 2. c4 g6 3. Nc3 Bg7 4. e4 O-O 5. Nf3 d6 6. Be2 Nbd7 7. O-O e5 8. Be3 Qe7 9. Qc2 c6 10. d5 c5 11. a3 Kh8 12. b4 b6 13. Ne1 Ng8 14. Nd3 f5 15. f3 f4 16. Bf2 g5 17. a4 a5 18. bxc5 bxc5 19. Nb5 Ndf6 20. Nxd6 Qxd6 21. Bxc5 Qc7 22. Bxf8 Bxf8 23. c5 Ba6 24. Rfc1 Rc8 25. Nxf4 Bxe2 26. Nxe2 Qxc5+ 27. Qxc5 Rxc5 28. Rab1 Nd7 29. Rb5 Rxb5 30. axb5 Bc5+ 31. Kf1 a4 32. Nc3 a3 33. Ra1 Nb6 34. Nb1 Nc4 35. Ke2 Nd6 36. Nxa3 Bxa3 37. Rxa3 Nxb5 38. Ra5 Nd6 39. Ra7 Nf6 40. Re7 Kg8 41. Rxe5 Nf7 42. Re7 Kf8 43. Ra7 Ne5 44. Ke3 Nfd7 45. Kd4 Ke7 46. Ra6 Ng6 47. e5 Nf4 48. Ra7 Ke8 49. e6 Nf6 50. d6 Nxe6+ 51. Ke5 1-0


[Site "Internet"]

[Event "Chessable Masters - Torneo preliminare"]
[White "Drygalov, Sergey"]
[Black "Matamoros Franco, Carlos S."]
[WhiteFideId "24171743"]
[BlackFideId "3600017"]
[WhiteElo "2461"]
[BlackElo "2407"]
[Result "1-0"]
[Round "8"]
[TimeControl "600+2"]
[Date "2023.03.13"]
[WhiteClock "0:02:39"]
[BlackClock "0:00:10"]

1. d4 Nf6 2. c4 c5 3. d5 g6 4. Nc3 Bg7 5. e4 d6 6. h3 O-O 7. Nf3 e6 8. Bd3 exd5 9. cxd5 b5 10. Nxb5 Re8 11. O-O Nxe4 12. Bxe4 Rxe4 13. Bg5 Qd7 14. Nc3 Re8 15. Re1 Rxe1+ 16. Qxe1 Na6 17. Qd2 Bb7 18. Qf4 Nc7 19. Rd1 Re8 20. Bf6 Bxf6 21. Qxf6 Qe7 22. Qf4 Kg7 23. Qa4 a6 24. b4 Qf6 25. Qb3 Ba8 26. bxc5 dxc5 27. Qc4 Qb6 28. Qf4 Qb4 29. Qxc7 Qxc3 30. d6 Bxf3 31. Rf1 Be2 32. d7 Rf8 33. Rb1 Qd4 34. a4 c4 35. Rb6 h5 36. Rd6 Qa1+ 37. Kh2 Qe5+ 38. g3 Qf5 39. Qb6 Bd3 40. Qd4+ Kh7 41. d8=Q Rxd8 42. Rxd8 f6 43. Qa7+ Kh6 44. Rh8+ Kg5 45. Qe3+ 1-0


[Site "Internet"]

[Event "Chessable Masters - Torneo preliminare"]
[White "Flores, Diego"]
[Black "Mamedov, Rauf"]
[WhiteFideId "108049"]
[BlackFideId "13401653"]
[WhiteElo "2598"]
[BlackElo "2632"]
[Result "1-0"]
[Round "8"]
[TimeControl "600+2"]
[Date "2023.03.13"]
[WhiteClock "0:05:28"]
[BlackClock "0:07:07"]

1. c4 Nf6 2. Nc3 g6 3. e4 Bg7 4. d4 O-O 5. Nf3 d6 6. Be2 e5 7. d5 a5 8. Bg5 h6 9. Bh4 Na6 10. Nd2 Nc5 11. Qc2 Bd7 12. b3 Qe8 13. a3 g5 14. Bg3 h5 15. f3 c6 16. Bf2 cxd5 17. cxd5 Rc8 18. Nc4 Qe7 19. a4 h4 20. g4 hxg3 21. hxg3 g4 22. Be3 gxf3 23. Bxf3 Ng4 24. Bxg4 Bxg4 25. Qh2 f5 26. Qh7+ Kf7 27. Rh6 Ke8 28. Bxc5 Bxh6 29. Nxd6+ 1-0


[Site "Internet"]

[Event "Chessable Masters - Torneo preliminare"]
[White "Predke, Alexandr"]
[Black "Hambleton, Aman"]
[WhiteFideId "24107581"]
[BlackFideId "2606577"]
[WhiteElo "2582"]
[BlackElo "2447"]
[Result "1-0"]
[Round "8"]
[TimeControl "600+2"]
[Date "2023.03.13"]
[WhiteClock "0:08:07"]
[BlackClock "0:00:06"]

1. Nf3 d5 2. d3 Nc6 3. Bf4 f6 4. d4 Bf5 5. e3 g5 6. Bg3 e6 7. c3 h5 8. h4 g4 9. Ng1 Bd6 10. Bb5 Ne7 11. Nd2 Bxg3 12. fxg3 Qd6 13. Ne2 O-O-O 14. O-O e5 15. Kh2 Bg6 16. Qe1 a6 17. Bxc6 Qxc6 18. Qf2 Rd6 19. a4 Bd3 20. Rfc1 Re6 21. b4 Bxe2 22. Qxe2 exd4 23. cxd4 Qd6 24. b5 Nf5 25. Qf2 Nxe3 26. Nb3 Nc4 27. Nc5 Re7 28. bxa6 b6 29. a7 Qc6 30. Qxf6 1-0


[Site "Internet"]

[Event "Chessable Masters - Torneo preliminare"]
[White "Sattarov, Bobir"]
[Black "Huschenbeth, Niclas"]
[WhiteFideId "14203081"]
[BlackFideId "24604747"]
[WhiteElo "2333"]
[BlackElo "2566"]
[Result "0-1"]
[Round "8"]
[TimeControl "600+2"]
[Date "2023.03.13"]
[WhiteClock "0:01:08"]
[BlackClock "0:00:07"]

1. e4 c5 2. Nc3 d6 3. Nf3 Nf6 4. e5 dxe5 5. Nxe5 a6 6. g3 Qd6 7. Nf3 Bg4 8. Bg2 Nc6 9. h3 Bh5 10. O-O e6 11. d3 Be7 12. Bf4 Qd7 13. a4 O-O 14. g4 Bg6 15. Nd2 Nd5 16. Bg3 Rad8 17. Nc4 Nd4 18. Ne5 Qc8 19. Nxd5 exd5 20. c3 Nc6 21. Qd2 Bd6 22. f4 Bxe5 23. fxe5 d4 24. c4 Rfe8 25. Rfe1 Qc7 26. Qf2 Nxe5 27. Bd5 Rd7 28. Rxe5 Rxe5 29. Bxe5 Qxe5 30. Re1 Qb8 31. Qf4 Qf8 32. a5 Bxd3 33. Qf3 Bg6 34. Bxb7 d3 35. Bd5 h6 36. h4 Re7 37. Rf1 Qe8 38. h5 Be4 39. Bxe4 Rxe4 40. Qxd3 Rxg4+ 41. Kh1 Qe7 42. Rf3 Qe1+ 43. Qf1 Qxf1+ 44. Rxf1 Rxc4 45. Rf5 Kf8 46. Rd5 Ke7 47. Re5+ Kd6 48. Re8 Ra4 49. Rg8 Rh4+ 50. Kg2 Rxh5 51. Ra8 Kc6 52. Rxa6+ Kb5 53. Ra7 Rg5+ 54. Kf3 h5 55. Kf4 Rg4+ 56. Kf3 Rg6 57. Ke4 h4 58. Rxf7 h3 59. Rf2 Rg2 60. Rf1 h2 61. Rh1 Kxa5 0-1


[Site "Internet"]

[Event "Chessable Masters - Torneo preliminare"]
[White "Matinian, Nikita"]
[Black "Cuenca Jimenez, Jose Fernando"]
[WhiteFideId "24129100"]
[BlackFideId "2255570"]
[WhiteElo "2326"]
[BlackElo "2455"]
[Result "1-0"]
[Round "8"]
[TimeControl "600+2"]
[Date "2023.03.13"]
[WhiteClock "0:05:04"]
[BlackClock "0:01:47"]

1. e4 c5 2. Nf3 Nc6 3. Bb5 e6 4. c3 Nge7 5. d4 cxd4 6. cxd4 d5 7. e5 Nf5 8. Nc3 Be7 9. Bd3 Nfxd4 10. Nxd4 Nxd4 11. Qg4 Nc6 12. Qxg7 Kd7 13. Qxf7 Nxe5 14. Bb5+ Nc6 15. O-O Qf8 16. Qh5 Kc7 17. Bh6 Qf6 18. Rad1 Bd7 19. Rxd5 Qg6 20. Bf4+ Kc8 21. Bxc6 Bxc6 22. Qe5 Bd8 23. Rxd8+ Kxd8 24. Qxh8+ Ke7 25. Bg5+ Qxg5 26. Qxh7+ Kf6 27. Ne4+ Bxe4 28. Qxe4 Rd8 29. Qxb7 Rd2 30. Qxa7 Qd5 31. Qa3 Rd3 32. Qf8+ Kg6 33. h4 Rd4 34. Qg8+ Kf6 35. Qg5+ Qxg5 36. hxg5+ Kxg5 37. Ra1 Rd2 38. a4 Rxb2 39. a5 Rb7 40. a6 Ra7 41. f3 Kf5 42. Kf2 Ke5 43. Ke3 Kd5 44. g4 Kc5 45. g5 Kb6 46. g6 e5 47. Ke4 Kb5 48. g7 Rxg7 49. a7 1-0


[Site "Internet"]

[Event "Chessable Masters - Torneo preliminare"]
[White "Girya, Olga"]
[Black "Mekhitarian, Krikor Sevag"]
[WhiteFideId "4195752"]
[BlackFideId "2107660"]
[WhiteElo "2327"]
[BlackElo "2594"]
[Result "0-1"]
[Round "8"]
[TimeControl "600+2"]
[Date "2023.03.13"]
[WhiteClock "0:00:38"]
[BlackClock "0:04:49"]

1. d4 Nf6 2. Nf3 e6 3. c4 d5 4. Nc3 a6 5. cxd5 exd5 6. Bg5 Be6 7. e3 Nbd7 8. Bd3 Bd6 9. Bf4 Bxf4 10. exf4 Bg4 11. Qe2+ Kf8 12. O-O c6 13. h3 Bxf3 14. Qxf3 Qb6 15. g4 g6 16. g5 Nh5 17. Ne2 Kg7 18. f5 Rhe8 19. f6+ Kg8 20. Rfe1 Qxb2 21. Nf4 Qxd4 22. Nxh5 Ne5 23. Rxe5 Qxa1+ 0-1


[Site "Internet"]

[Event "Chessable Masters - Torneo preliminare"]
[White "Iskusnyh, Sergei"]
[Black "Pranav, V"]
[WhiteFideId "4120027"]
[BlackFideId "25060783"]
[WhiteElo "2345"]
[BlackElo "2462"]
[Result "0-1"]
[Round "8"]
[TimeControl "600+2"]
[Date "2023.03.13"]
[WhiteClock "0:02:41"]
[BlackClock "0:08:21"]

1. d4 Nf6 2. c4 e6 3. g3 c5 4. Nf3 cxd4 5. Nxd4 Be7 6. Bg2 O-O 7. O-O Nc6 8. Nc3 a6 9. b3 Qb6 10. Nc2 d6 11. Bb2 Rd8 12. e4 Bd7 13. Qe2 Rac8 14. Rfd1 Ne5 15. Ne3 Be8 16. Rac1 Qa7 17. h3 h5 18. f4 Ng6 19. h4 Ng4 20. Re1 d5 21. cxd5 Nxe3 0-1


[Site "Internet"]

[Event "Chessable Masters - Torneo preliminare"]
[White "Rustemov, Alexander"]
[Black "Jonkman, Harmen"]
[WhiteFideId "4119002"]
[BlackFideId "1002708"]
[WhiteElo "2494"]
[BlackElo "2351"]
[Result "1-0"]
[Round "8"]
[TimeControl "600+2"]
[Date "2023.03.13"]
[WhiteClock "0:03:47"]
[BlackClock "0:00:43"]

1. d4 Nf6 2. c4 e6 3. Nf3 Bb4+ 4. Bd2 a5 5. g3 b6 6. Bg2 Bb7 7. O-O Be7 8. Qc2 d6 9. Nc3 Nbd7 10. e4 e5 11. h3 O-O 12. Be3 Re8 13. Rfe1 Bf8 14. Rad1 exd4 15. Nxd4 g6 16. Ndb5 Bg7 17. e5 Bxg2 18. exf6 Bxh3 19. fxg7 Ne5 20. f4 Nf3+ 21. Kf2 Nxe1 22. Rxe1 c6 23. Nd4 Rc8 24. Qd2 d5 25. cxd5 cxd5 26. Nf3 Bf5 27. Bd4 Be4 28. Ng5 f5 29. Ngxe4 dxe4 30. Rd1 e3+ 31. Bxe3 Qxd2+ 32. Rxd2 Red8 33. Rxd8+ Rxd8 34. Bxb6 Rd2+ 35. Ke3 Rxb2 36. Bd4 a4 37. Nd5 Rb7 38. Bf6 Kf7 39. Ne7 Kxf6 40. g8=Q Rxe7+ 41. Kd4 Re4+ 42. Kd5 h5 43. Qf8# 1-0


[Site "Internet"]

[Event "Chessable Masters - Torneo preliminare"]
[White "Abdusattorov, Nodirbek"]
[Black "Keymer, Vincent"]
[WhiteFideId "14204118"]
[BlackFideId "12940690"]
[WhiteElo "2714"]
[BlackElo "2630"]
[Result "1/2-1/2"]
[Round "9"]
[TimeControl "600+2"]
[Date "2023.03.13"]
[WhiteClock "0:02:34"]
[BlackClock "0:01:38"]

1. e4 c6 2. d4 d5 3. exd5 cxd5 4. Bd3 Nf6 5. c3 Bg4 6. Nf3 e6 7. Bf4 Bd6 8. Bxd6 Qxd6 9. Nbd2 Nc6 10. O-O O-O 11. Re1 Rae8 12. Qa4 Bxf3 13. Nxf3 Nd7 14. Re3 g6 15. Rae1 Qc7 16. h4 Kg7 17. g3 Re7 18. Kg2 Rfe8 19. Qd1 e5 20. dxe5 Ndxe5 21. Bb5 Nxf3 22. Qxf3 Qb6 23. Qxd5 Rxe3 24. Rxe3 Rxe3 25. fxe3 Qxe3 26. Qd3 Qb6 27. Qe2 Qc5 28. Bxc6 Qxc6+ 29. Kh2 h5 30. c4 Qc5 31. b3 a5 32. Kg2 b6 33. Qb2+ f6 34. Qd2 Qc6+ 35. Kf2 Kf7 36. Qd5+ Qxd5 37. cxd5 Ke7 38. Ke3 Kd6 39. Kd4 Kd7 40. Kc4 Kc7 41. Kd3 Kd6 42. Kd4 Kd7 43. Kc4 Kc7 44. Kd3 Kd6 45. Kd4 1/2-1/2


[Site "Internet"]

[Event "Chessable Masters - Torneo preliminare"]
[White "Le, Tuan Minh"]
[Black "Erigaisi, Arjun"]
[WhiteFideId "12401153"]
[BlackFideId "35009192"]
[WhiteElo "2489"]
[BlackElo "2685"]
[Result "1/2-1/2"]
[Round "9"]
[TimeControl "600+2"]
[Date "2023.03.13"]
[WhiteClock "0:00:13"]
[BlackClock "0:04:42"]

1. d4 Nf6 2. Nf3 g6 3. c4 Bg7 4. g3 O-O 5. Bg2 d5 6. O-O Nc6 7. cxd5 Nxd5 8. Nc3 Nb6 9. Bf4 Nxd4 10. Nxd4 e5 11. Nc6 Qxd1 12. Ne7+ Kh8 13. Raxd1 exf4 14. Nxc8 Raxc8 15. Bxb7 Rb8 16. Ba6 Nc8 17. Na4 Nd6 18. b3 fxg3 19. hxg3 Rfe8 20. Rc1 Re7 21. Rc2 Nf5 22. Rfc1 Be5 23. e3 Rd8 24. Nb2 h5 25. Nc4 Bf6 26. Na5 Rd6 27. Bc8 Nxe3 28. fxe3 Rxe3 29. Rg2 Bg5 30. Rf1 Kg7 31. Nc4 Rd8 32. Bb7 Rc3 33. Bf3 Rdd3 34. Rgf2 Bf6 35. Kg2 Bd4 36. Re2 g5 37. Nb2 Re3 38. Rxe3 Bxe3 39. Bxh5 Rc2+ 40. Kf3 Bd4 41. Nd3 Rxa2 42. Ke4 Bf6 43. Rc1 Bd8 44. Ne5 Rh2 45. Nxf7 Be7 46. g4 c5 47. Ra1 Re2+ 48. Kd3 Rb2 49. Kc4 Rc2+ 50. Kd5 Rd2+ 51. Kc6 Rb2 52. Rxa7 Kf6 53. Rb7 Ra2 54. Nh6 Ra8 55. Nf5 Bf8 56. Bf7 Ke5 57. Bc4 Kf4 58. Be2 Rc8+ 59. Kb5 Re8 60. Rf7 Ke5 61. Kc6 Rc8+ 62. Kb7 Rd8 63. Kc7 Ra8 64. Bf3 Ra7+ 65. Bb7 c4 66. bxc4 Bc5 67. Ne7 Ke6 68. Nc6 Kxf7 69. Nxa7 Bxa7 70. Kd6 Ke8 71. c5 Kd8 72. c6 Bb8+ 73. Ke6 Bf4 74. Kf5 Kc7 75. Ke4 Kd8 76. Kf5 Kc7 77. Ke4 Kd8 78. Kf5 1/2-1/2


[Site "Internet"]

[Event "Chessable Masters - Torneo preliminare"]
[White "Sevian, Samuel"]
[Black "Dubov, Daniil"]
[WhiteFideId "2040506"]
[BlackFideId "24126055"]
[WhiteElo "2582"]
[BlackElo "2727"]
[Result "1/2-1/2"]
[Round "9"]
[TimeControl "600+2"]
[Date "2023.03.13"]
[WhiteClock "0:00:17"]
[BlackClock "0:00:33"]

1. e4 e5 2. Nf3 Nc6 3. Bc4 Nf6 4. d3 Be7 5. O-O O-O 6. Nc3 d6 7. a3 Bg4 8. h3 Bxf3 9. Qxf3 Nd4 10. Qd1 c6 11. Ba2 Ne6 12. Qf3 Nd4 13. Qd1 Ne6 14. Re1 Qc7 15. Ne2 Rad8 16. Ng3 g6 17. c3 Kg7 18. d4 d5 19. dxe5 Nxe4 20. Nxe4 dxe4 21. Qg4 Nc5 22. b4 Nd3 23. Rxe4 Nxc1 24. Rxc1 a5 25. Qe2 axb4 26. axb4 b5 27. Re1 c5 28. Qxb5 cxb4 29. cxb4 Rd2 30. R4e2 Rxe2 31. Qxe2 Bxb4 32. Rd1 Rd8 33. Rxd8 Qxd8 34. Bxf7 Qd2 35. Bc4 Qxe2 36. Bxe2 Bc3 37. e6 Kf6 38. Bc4 g5 39. g3 Bd4 40. Kg2 Bc5 41. Kf3 h6 42. Ke2 Bb6 43. h4 gxh4 44. gxh4 Bd8 45. Ke3 Kf5 46. h5 Kf6 47. Ke4 Be7 48. Kd5 Ba3 49. Be2 Bb4 50. f4 Ba3 51. Bd3 Bb4 52. Bg6 Ba3 53. Bf7 Bb4 54. Kc6 Ba3 55. Kd7 Bb4 56. Bg6 Ba3 57. f5 Bb4 58. Ke8 Ba3 59. Kd7 Bb4 60. Ke8 Ba3 61. Kd7 1/2-1/2


[Site "Internet"]